 Dungeon Crawl Stone Soup version 0.28.0-53-g5a82cb258f (webtiles) character file.

Game seed: 11248677601045990448

33 nickcage the Skirmisher (level 3, -2/29 HPs)
             Began as a Demonspawn Abyssal Knight on May 24, 2022.
             Was a Follower of Lugonu.
             Succumbed to a goblin's poison
             ... on level 2 of the Dungeon.
             The game lasted 00:02:00 (1467 turns).

nickcage the Skirmisher (Demonspawn Abyssal Knight) Turns: 1467, Time: 00:02:01

Health: -2/29      AC: 13    Str: 15    XL:     3   Next: 12%
Magic:  4/4        EV:  4    Int: 11    God:    Lugonu [*.....]
Gold:   26         SH:  0    Dex: 13    Spells: 2/2 levels left

rFire   . . .      SeeInvis .   a - +1 falchion
rCold   . . .      Faith    .   (no shield)
rNeg    . . .      Spirit   .   f - +0 plate armour
rPois   .          Reflect  .   (no helmet)
rElec   .          Harm     .   (no cloak)
rCorr   .          Rampage  .   (no gloves)
Will    .....                   (no boots)
Stlth   ..........              (no amulet)
HPRegen 0.09/turn               (no ring)
MPRegen 0.09/turn               (no ring)

@: lethally poisoned (-2 -> -16)
A: icy blue scales 1
a: Renounce Religion, Depart the Abyss


You were on level 2 of the Dungeon.
You worshipped Lugonu.
Lugonu was aware of your devotion.
You visited 1 branch of the dungeon, and saw 2 of its levels.
You visited the Abyss 1 time.

You collected 26 gold pieces.

Inventory:

Hand Weapons
 a - a +1 falchion (weapon)
Missiles
 d - 5 javelins (quivered)
Armour
 b - a +0 leather armour
 f - a +0 plate armour (worn)
Jewellery
 e - a ring of wizardry
Scrolls
 g - a scroll of blinking {unknown}
 h - 4 scrolls of amnesia {unknown}
Potions
 c - 2 potions of haste {unknown}


   Skills:
 - Level 3.0 Fighting
 + Level 2.8 Long Blades
 + Level 2.4 Armour
 - Level 0.8 Dodging
 - Level 2.4 Invocations


You had 2 spell levels left.
You didn't know any spells.
Your spell library was empty.

Dungeon Overview and Level Annotations

Branches:
Dungeon (2/15)

Altars:


Innate Abilities, Weirdness & Mutations

You are partially covered in icy blue scales. (AC +2)


Message History

You miss the adder. The adder bites you but does no damage.
You closely miss the adder. The adder barely misses you. The adder bites you.
You barely miss the adder. The adder bites you but does no damage.
The goblin hits you with a +2 dagger of venom.
You are poisoned.
You hit the adder but do no damage.
You feel sick. The adder bites you. The goblin barely misses you.
The adder bites you.
You are more poisoned.
The adder poisons you!
You are too injured to fight recklessly!
You are too injured to fight recklessly!
You are too injured to fight recklessly!
You hit the adder.
The adder is moderately wounded.
You feel very sick. The goblin hits you but does no damage.
The adder bites you but does no damage.
You barely miss the adder.
The adder is moderately wounded.
You feel sick. The adder bites you. The goblin barely misses you.
The adder bites you but does no damage. The goblin hits you but does no damage.
You are lethally poisoned!
You hit the adder.
The adder is severely wounded.
* * * LOW HITPOINT WARNING * * *
You feel very sick. The adder bites you but does no damage.
The goblin barely misses you.
You barely miss the adder.
The adder is severely wounded.
* * * LOW HITPOINT WARNING * * *
You feel sick. The adder bites you but does no damage.
The goblin hits you but does no damage. The adder bites you but does no damage.
You barely miss the adder.
The adder is severely wounded.
* * * LOW HITPOINT WARNING * * *
You feel sick. The adder bites you but does no damage.
The goblin hits you but does no damage.
You are more poisoned.
You barely miss the adder.
The adder is severely wounded.
You die...

###.......##.###
.)..............
##.......##.###
#.......##.#
#...#...##.#
#.####...#[#.##.# ##.
..........#....#
.....#####........###
.....$S@....†........#
......g........#####.#
....######..>..# # (..
#.....# . #######


You could see an adder and a goblin.

Vanquished Creatures
  2 dart slugs (D:2)
  3 ball pythons
  A bat (D:1)
  2 endoplasms (D:2)
  A giant cockroach (D:1)
  2 goblins (D:1)
  4 hobgoblins (D:1)
  3 jackals (D:1)
  A quokka (D:1)
  3 frilled lizards (D:1)
  2 kobolds (D:2)
  3 rats
27 creatures vanquished.

Notes
Turn   | Place    | Note
-------+----------+-------------------------------------------
     0 | Abyss:1  | nickcage the Demonspawn Abyssal Knight began the quest for
                  | the Orb.
     0 | Abyss:1  | Reached XP level 1. HP: 18/18 MP: 2/2
     0 | D:1      | Escaped the Abyss
   493 | D:1      | Gained mutation: You are partially covered in icy blue
                  | scales. (AC +2) [demonic ancestry]
   493 | D:1      | Reached XP level 2. HP: 19/24 MP: 3/3
   745 | D:1      | Reached * piety under Lugonu
  1370 | D:2      | Reached XP level 3. HP: 27/29 MP: 4/4
  1467 | D:2      | Succumbed to a goblin's poison

Illustrated notes

Levels and vault maps discovered:
D:1:      elethiomel_arrival_infinity_welcomes_careful_drivers,
          layout_loops_cross
D:2:      layout_basic, minmay_domino_2

Skill      XL: |  1 |
---------------+----+-----
Long Blades    | 2 |  2.8
Armour         | 2 |  2.4
Fighting       | |  3.0
Dodging        | |  0.8
Invocations    | |  2.4

Action                   || total
-------------------------++-------
Melee: Falchion          ||    95
       Punch             ||     1
Invok: Depart the Abyss  ||     1
Armor: Plate armour      ||    74
Dodge: Dodged            ||    22
